 Dungeon Crawl Stone Soup version 0.26.1-11-gd32895ea62 (webtiles) character file.

Game seed: 14795511101228560018

289 caitlindye the Covered (level 6, -20/53 HPs)
             Began as a Hill Orc Fighter on Apr 26, 2021.
             Demolished by a tentacled starspawn (35 damage)
             ... on level 1 of the Abyss.
             The game lasted 00:08:51 (3239 turns).

caitlindye the Covered (Hill Orc Fighter)           Turns: 3239, Time: 00:08:52

Health: -20/53     AC:  7    Str: 21    XL:     6   Next: 31%
Magic:  0/6        EV:  7    Int:  8    God:
Gold:   209        SH:  6    Dex: 10    Spells: 5/5 levels left

rFire    + . .     SeeInvis .   (no weapon)
rCold    x . .     Faith    .   e - +2 buckler
rNeg     . . .     Spirit   +   b - +0 scale mail
rPois    .         Reflect  .   (no helmet)
rElec    .         Harm     .   (no cloak)
rCorr    .         Rampage  .   (no gloves)
Will     .....                  (no boots)
Stlth    ..........             c - amulet of guardian spirit
HPRegen  0.17/turn              f - ring of fire
MPRegen  0.10/turn              (no ring)

@: constricted
A: no striking features
a: no special abilities


You were on level 1 of the Abyss.
You visited 1 branch of the dungeon, and saw 4 of its levels.
You visited the Abyss 1 time.

You collected 209 gold pieces.

Inventory:

Hand Weapons
 a - a +1 long sword
Armour
 b - a +0 scale mail (worn)
 e - a +2 buckler (worn)
Jewellery
 c - an amulet of guardian spirit (around neck)
 f - a ring of fire (left hand)
Scrolls
 d - a scroll of blinking {unknown}
 g - 3 scrolls of remove curse


   Skills:
 + Level 4.6 Fighting
 + Level 4.5 Long Blades
 + Level 4.8 Armour
 + Level 0.8 Dodging
 + Level 0.1 Stealth
 + Level 4.2 Shields


You had 5 spell levels left.
You didn't know any spells.
Your spell library was empty.

Dungeon Overview and Level Annotations

Branches:
Dungeon (4/15)
 Temple: D:4-7

Altars:
Ashenzari
Kikubaaqudgha
Qazlal
Vehumet
Xom
Yredelemnul


Message History

The tentacle pulls you backwards! The starspawn tentacle grabs you.
The starspawn tentacle constricts you. 2 starspawn tentacle segments come into view.
You escape the starspawn tentacle's grasp.
The starspawn tentacle grabs you. The starspawn tentacle constricts you.
A starspawn tentacle segment comes into view.
The starspawn tentacle's grasp on you weakens, but your attempt to escape fails.
The starspawn tentacle constricts you.
A starspawn tentacle segment comes into view.
The starspawn tentacle's grasp on you weakens, but your attempt to escape fails.
The starspawn tentacle loses its grip on you.
The starspawn tentacle grabs you.
* * * LOW HITPOINT WARNING * * *
The starspawn tentacle constricts you.
The starspawn tentacle's grasp on you weakens, but your attempt to escape fails.
The starspawn tentacle constricts you.
The starspawn tentacle's grasp on you weakens, but your attempt to escape fails.
The starspawn tentacle constricts you. The tentacled starspawn bites you!!!
Ouch! That really hurt!
You die...

..........
####..####
#................ .
##...#.....##(....##
##.##...#.#......
##...#..#.#.......#
.#................##
................#.#
.#....wXw..####.#.
##...#@.#.# # #..
##.##........ #..# #
#.. #....#.#.....#.
. #.............##.
... ... ........#.#.
...... .#.
.................
...#........ .. .
.##.......... .. )
##. .#. .. # #..


You could see a tentacled starspawn and 2 starspawn tentacles.

Vanquished Creatures
  An ogre (D:3)
  An orc wizard (D:3)
  Natasha (thrice) (D:2)
  3 adders
  An ooze (D:2)
  An adder skeleton (D:3)
  A worm (D:2)
  A dart slug (D:3)
  A leopard gecko (D:2)
  3 orcs (D:3)
  A ball python (D:1)
  5 giant cockroaches
  8 goblins
  4 hobgoblins
  6 jackals (D:1)
  2 kobolds
  2 quokkas
  8 bats
  3 frilled lizards
  A quokka zombie (D:2)
  4 rats
60 creatures vanquished.

Vanquished Creatures (others)
  4 starspawn tentacles (Abyss:1)
4 creatures vanquished.

Grand Total: 64 creatures vanquished

Notes
Turn   | Place    | Note
-------+----------+-------------------------------------------
     0 | D:1      | caitlindye the Hill Orc Fighter began the quest for the
                  | Orb.
     0 | D:1      | Reached XP level 1. HP: 19/19 MP: 1/1
   274 | D:1      | Reached XP level 2. HP: 23/27 MP: 2/2
  1074 | D:1      | Reached XP level 3. HP: 33/33 MP: 3/3
  1158 | D:2      | Found a broken altar of Ashenzari.
  1419 | D:2      | Reached XP level 4. HP: 40/40 MP: 4/4
  1506 | D:2      | Noticed Natasha
  1534 | D:2      | Killed Natasha
  1827 | D:2      | Noticed Natasha
  1966 | D:2      | Found a shimmering altar of Xom.
  2093 | D:2      | Killed Natasha
  2094 | D:2      | Reached XP level 5. HP: 25/47 MP: 3/5
  2400 | D:2      | Noticed Natasha
  2411 | D:2      | Killed Natasha
  2544 | D:2      | Found a radiant altar of Vehumet.
  2547 | D:2      | Found a stormy altar of Qazlal.
  2690 | D:3      | Found an ancient bone altar of Kikubaaqudgha.
  2956 | D:3      | Noticed an ogre
  2962 | D:3      | Killed an ogre
  2963 | D:3      | Reached XP level 6. HP: 43/53 MP: 4/6
  3079 | D:3      | Found a basalt altar of Yredelemnul.
  3175 | D:3      | Cast into level 1 of the Abyss (unwielding a weapon of
                  | distortion)
  3207 | Abyss:1  | Noticed a tentacled starspawn
  3223 | Abyss:1  | Found a corrupted altar of Lugonu.
  3239 | Abyss:1  | Demolished by a tentacled starspawn

Illustrated notes

Levels and vault maps discovered:
D:1:      roderic_dead_forest, layout_basic
D:2:      layout_rooms, marbit_many_paths, lemuel_round_altar, minitemple,
          kennysheep_generic_room_5, uniq_natasha
D:3:      layout_basic, lemuel_crystal_altar, lemuel_crystal_altar,
          lemuel_crystal_altar
D:4:      layout_loops_ring, elyvilon_altar_1, kennysheep_little_box,
          uniq_sigmund, uniq_grinder, uniq_blork_the_orc
Abyss:1:  base:
D:1

Skill      XL: |  1  2  3  4  5 |
---------------+----------------+-----
Fighting       | 4 |  4.6
Long Blades    | 3 4 |  4.5
Armour         | 4 |  4.8
Shields        | 4 |  4.2
Dodging        | |  0.8
Stealth        | |  0.1

Action                   |  1- 3 |  4- 6 || total
-------------------------+-------+-------++-------
Melee: Long sword        |   102 |   100 ||   202
  Use: Scroll            |     3 |       ||     3
       Potion            |     2 |     3 ||     5
Armor: Scale mail        |    54 |    30 ||    84
Dodge: Dodged            |    51 |    46 ||    97
Block: Kite shield       |    49 |       ||    49
       Buckler           |     1 |    43 ||    44
       Rpst.: Long sword |    15 |    16 ||    31
